 Dungeon Crawl Stone Soup version 0.31-a0-1-g4198be8af4 (webtiles) character file.

Game seed: 11062136698945592158

160 NinjaNoafa the Grasshopper (level 5, 0/43 HPs)
             Began as a Gnoll Warper on May 1, 2023.
             Killed by nerve-wracking pain
             ... invoked by Grinder
              (7 damage)
             ... on level 3 of the Dungeon.
             The game lasted 00:03:15 (1854 turns).

NinjaNoafa the Grasshopper (Gnoll Warper)           Turns: 1854, Time: 00:03:15

Health: 0/43       AC:  4    Str: 10    XL:     5   Next: 41%
Magic:  12/12      EV: 12    Int: 14    God:
Gold:   146        SH:  4    Dex: 12    Spells: 7/14 levels left

rFire   . .          .
                       - Unarmed
rCold   . . .        m - +0 buckler
rNeg    . . .        b - +0 leather armour
rPois   .            (no helmet)
rElec   .            g - scarf {repulsion}
rCorr   .            (no gloves)
SInv    .            h - +0 pair of boots
Will    .....        (no amulet)
Stlth   +            (no ring)
HPRegen 0.27/turn    (no ring)
MPRegen 0.13/turn

%: repel missiles
@: no status effects
A: fangs 1, strong nose, distributed training
a: no special abilities


You were on level 3 of the Dungeon.
You visited 1 branch of the dungeon, and saw 3 of its levels.

You collected 146 gold pieces.

Inventory:

Hand Weapons
 a - a +0 falchion
Missiles
 d - 7 boomerangs of dispersal
 f - 2 atropa-tipped darts (quivered)
 n - 4 poisoned darts
Armour
 b - a +0 leather armour (worn)
 g - a scarf of repulsion (worn)
 h - a +0 pair of boots (worn)
 m - a +0 buckler (worn)
Magical Staves
 e - a staff of cold
Scrolls
 c - a scroll of blinking
 k - a scroll of butterflies {unknown}
 o - 2 scrolls of teleportation {unknown}
 p - a scroll of poison {unknown}
Potions
 i - a potion of degeneration {unknown}
 j - a potion of lignification
 l - a potion of curing {unknown}
 q - a potion of might {unknown}
 r - a potion of mutation {unknown}


   Skills:
 + Level 4.8 Fighting
 + Level 1.5 Short Blades
 + Level 4.8 Long Blades
 + Level 1.5 Axes
 + Level 1.5 Maces & Flails
 + Level 1.5 Polearms
 + Level 1.5 Staves
 + Level 1.5 Ranged Weapons
 + Level 3.0 Throwing
 + Level 3.0 Armour
 + Level 4.8 Dodging
 + Level 1.5 Stealth
 + Level 1.5 Shields
 + Level 1.5 Unarmed Combat
 + Level 5.2 Spellcasting
 + Level 1.2 Conjurations
 + Level 1.2 Hexes
 + Level 1.2 Summonings
 + Level 1.2 Necromancy
 + Level 5.5 Translocations
 + Level 1.2 Transmutations
 + Level 1.2 Fire Magic
 + Level 1.2 Ice Magic
 + Level 1.2 Air Magic
 + Level 1.2 Earth Magic
 + Level 1.2 Poison Magic
 + Level 1.7 Invocations
 + Level 1.5 Evocations


You had 7 spell levels left.
You knew the following spells:

 Your Spells              Type           Power      Damage    Failure   Level
a - Blink                 Tloc           38%        N/A       5%          2
b - Lesser Beckoning      Tloc           38%        N/A       5%          2
c - Teleport Other        Tloc           19%        N/A       11%         3

Your spell library contained the following spells:

 Spells                   Type           Power      Damage    Failure   Level
 Vhi's Electric Charge    Tloc/Air       26%        N/A       26%         3
 Manifold Assault         Tloc           19%        N/A       34%         4
 Spider Form              Tmut/Pois      7%         N/A       52%         3
 Fulminant Prism          Conj/Hex       3%         3d5       90%         4
 Fireball                 Conj/Fire      3%         3d4       99%         5
 Lehudib's Crystal Spear  Conj/Erth      3%         10d3      100%        8


Dungeon Overview and Level Annotations

Branches:
Dungeon (3/15)

Altars:
Qazlal

Shops:
D:2 [

Annotations:
D:3 Grinder


Innate Abilities, Weirdness & Mutations

You have very sharp teeth.
Your uncanny sense of smell can sniff out nearby items.
Your experience applies equally to all skills.


Message History

Unknown command.
Unknown command.
Unknown command.
Grinder blinks!
You cannot move.
Unknown command.
Throw: 5 darts (atropa)
Press: ? - help, Q - select action, (/) - cycle Shift-Dir - straight line, f/p - Grinder
Aim: Grinder (almost dead, 57% to hit, chance to blind on hit: 44%)
You throw an atropa-tipped dart. The atropa-tipped dart hits Grinder.
Grinder resists.
Grinder is almost dead.
Unknown command.
Throw: 4 darts (atropa)
Press: ? - help, Q - select action, (/) - cycle Shift-Dir - straight line, f/p - Grinder
Aim: Grinder (almost dead, 57% to hit, chance to blind on hit: 35%)
You throw an atropa-tipped dart. The atropa-tipped dart hits Grinder.
Grinder resists.
Grinder is almost dead.
Unknown command.
Throw: 3 darts (atropa)
Press: ? - help, Q - select action, (/) - cycle Shift-Dir - straight line, f/p - Grinder
Aim: Grinder (almost dead, 57% to hit, chance to blind on hit: 44%)
You throw an atropa-tipped dart. The atropa-tipped dart hits Grinder.
Grinder appears confused.
Grinder is almost dead.
Unknown command.
You hit Grinder.
Grinder is almost dead.
Grinder seems less confused.
Grinder blinks!
You cannot move.
You feel less wooden.
Your scarf of repulsion unmelds from your body.
Your +0 pair of boots unmelds from your body.
Your +0 leather armour unmelds from your body.
You are surrounded by a repulsion field.
Grinder is no longer blind.
Grinder gestures at you. Pain shoots through your body!
You die...

..#### #.# ..# #.# ###
#.# #.# #.#
############.#
........5.5†.#
############(#######.###.
#.(((@.5.....#
##############


You could see Grinder.

Vanquished Creatures
  A black bear (D:3)
  3 gnolls
  An orc (D:3)
  4 endoplasms
  4 goblins
  3 jackals (D:1)
  5 ball pythons
  12 bats
  2 frilled lizards
  3 kobolds
  5 rats
43 creatures vanquished.

Notes
Turn   | Place    | Note
-------+----------+-------------------------------------------
     0 | D:1      | NinjaNoafa the Gnoll Warper began the quest for the Orb.
     0 | D:1      | Reached XP level 1. HP: 20/20 MP: 6/6
   243 | D:1      | Reached XP level 2. HP: 26/26 MP: 7/7
   595 | D:1      | Learned a level 2 spell: Blink
   598 | D:1      | Learned a level 2 spell: Lesser Beckoning
   955 | D:2      | Found Peskyik's Antique Armour Emporium.
   965 | D:2      | Found a stormy altar of Qazlal.
  1047 | D:2      | Reached skill level 5 in Spellcasting
  1047 | D:2      | Reached XP level 3. HP: 24/31 MP: 7/9
  1101 | D:2      | Got the Spellbook of Vehement Corruption
  1299 | D:1      | Reached skill level 1 in Invocations
  1373 | D:2      | Found a faded altar of an unknown god.
  1475 | D:2      | Reached skill level 1 in Short Blades
  1475 | D:2      | Reached skill level 1 in Axes
  1475 | D:2      | Reached skill level 1 in Maces & Flails
  1475 | D:2      | Reached skill level 1 in Polearms
  1475 | D:2      | Reached skill level 1 in Staves
  1475 | D:2      | Reached skill level 1 in Ranged Weapons
  1475 | D:2      | Reached skill level 1 in Stealth
  1475 | D:2      | Reached skill level 1 in Shields
  1475 | D:2      | Reached skill level 1 in Unarmed Combat
  1475 | D:2      | Reached skill level 1 in Evocations
  1581 | D:2      | Reached XP level 4. HP: 26/38 MP: 11/11
  1630 | D:3      | Learned a level 3 spell: Teleport Other
  1715 | D:3      | Noticed a black bear
  1722 | D:3      | Killed a black bear
  1723 | D:3      | Reached skill level 1 in Conjurations
  1723 | D:3      | Reached skill level 1 in Hexes
  1723 | D:3      | Reached skill level 1 in Summonings
  1723 | D:3      | Reached skill level 1 in Necromancy
  1723 | D:3      | Reached skill level 1 in Transmutations
  1723 | D:3      | Reached skill level 1 in Fire Magic
  1723 | D:3      | Reached skill level 1 in Ice Magic
  1723 | D:3      | Reached skill level 1 in Air Magic
  1723 | D:3      | Reached skill level 1 in Earth Magic
  1723 | D:3      | Reached skill level 1 in Poison Magic
  1723 | D:3      | Reached XP level 5. HP: 32/43 MP: 12/12
  1728 | D:3      | Noticed Grinder
  1822 | D:3      | Paralysed by Grinder for 2 turns
  1837 | D:3      | Paralysed by Grinder for 5 turns
  1843 | D:3      | Paralysed by Grinder for 4 turns
  1854 | D:3      | Killed from afar by Grinder

Illustrated notes

Levels and vault maps discovered:
D:1:      elethiomel_arrival_quiet, layout_basic, serial_co_window_serial,
          co_window_paths_b, co_window_paths_a, co_window_of_opportunity_a,
          co_window_cross_1, co_window_paths_a, co_window_cross_1,
          co_window_paths_a, co_window_unsneaky_path_c, co_window_broadway_c,
          co_window_corner_b, co_window_broadway_a, glass_columns_a,
          glass_columns_a, dreamdust_princess_bridge
D:2:      layout_rooms, serial_shops, nicolae_shop_window_shopping,
          basic_ecumenical_altar, basic_altar
D:3:      layout_loops_ring, uniq_jessica, uniq_grinder

Skill      XL: |  1  2  3  4 |
---------------+-------------+-----
Spellcasting   | 5 |  5.2
Invocations    | 1 |  1.7
Short Blades   | 1 |  1.5
Axes           | 1 |  1.5
Maces & Flails | 1 |  1.5
Polearms       | 1 |  1.5
Staves         | 1 |  1.5
Ranged Weapons | 1 |  1.5
Stealth        | 1 |  1.5
Shields        | 1 |  1.5
Unarmed Combat | 1 |  1.5
Evocations     | 1 |  1.5
Throwing       | 3 |  3.0
Armour         | 3 |  3.0
Conjurations   | 1 |  1.2
Hexes          | 1 |  1.2
Summonings     | 1 |  1.2
Necromancy     | 1 |  1.2
Transmutations | 1 |  1.2
Fire Magic     | 1 |  1.2
Ice Magic      | 1 |  1.2
Air Magic      | 1 |  1.2
Earth Magic    | 1 |  1.2
Poison Magic   | 1 |  1.2
Fighting       | |  4.8
Long Blades    | |  4.8
Dodging        | |  4.8
Translocations | |  5.5

Action                     |  1- 3 |  4- 6 || total
---------------------------+-------+-------++-------
  Melee: Falchion          |   100 |    29 ||   129
         Bite              |     4 |     3 ||     7
         Unarmed           |       |     9 ||     9
  Throw: Dart              |       |     4 ||     4
   Cast: Lesser Beckoning  |     1 |     2 ||     3
         Blink             |     1 |     1 ||     2
         Teleport Other    |       |     3 ||     3
    Use: Potion            |       |     1 ||     1
   Stab: Sleeping          |     1 |       ||     1
 Armour: Leather armour    |    36 |    15 ||    51
         Skin              |       |     5 ||     5
  Dodge: Dodged            |    70 |    34 ||   104
  Block: Buckler           |     5 |     9 ||    14

Table legend: (Time is in decaauts)
 A = Elapsed time spent in this place.
 B = Non-inter-level travel time spent in this place.
 C = Inter-level travel time spent in this place.
 D = Time resting spent in this place.
 E = Time spent auto-exploring this place.
 F = Levels seen in this place.
 G = Mean time per level.
                   A        B        C        D        E       F      G
               +--------+--------+--------+--------+--------+-----+--------+
         Total |   1867 |   1702 |    165 |     10 |   1139 |   3 |  622.3 |
       Dungeon |   1867 |   1702 |    165 |     10 |   1139 |   3 |  622.3 |
               +--------+--------+--------+--------+--------+-----+--------+

Top non-repeatable levels by time:
     D:1: 1071 daAuts
     D:2: 562 daAuts
     D:3: 233 daAuts
